 Dungeon Crawl Stone Soup version 0.27.1-1-g398f81649c (webtiles) character file.

Game seed: 18407454372550360360

5690 phibes the Grappler (level 10, -16/92 HPs)
             Began as a Troll Warper on Sept 8, 2021.
             Was a High Priest of Qazlal.
             Demolished by a two-headed ogre (33 damage)
             ... on level 9 of the Dungeon on Sept 9, 2021.
             The game lasted 03:03:30 (8528 turns).

phibes the Grappler (Troll Warper)                  Turns: 8528, Time: 03:03:30

Health: -16/92     AC:  8    Str: 23    XL:     10   Next: 47%
Magic:  14/14      EV: 11    Int: 11    God:    Qazlal [*****.]
Gold:   1581       SH:  6    Dex:  9    Spells: 11/16 levels left

rFire    + + .     SeeInvis .     - Unarmed
rCold    + . .     Faith    .   (no shield)
rNeg     . . .     Spirit   .   q - +1 robe {Will+}
rPois    +         Reflect  .   (helmet restricted)
rElec    +         Harm     .   Z - scarf {rC+ rF+}
rCorr    .         Rampage  .   (gloves unavailable)
Will     +....                  (boots unavailable)
Stlth    +.........             (no amulet)
HPRegen  1.25/turn              F - +6 ring of strength
MPRegen  0.14/turn              J - ring of the Invisible Hand {rElec rPois rF+ Str-5}

@: protected from physical damage, repel missiles
A: large, unfitting armour, claws 3, regeneration 1, shaggy fur 1, tough skin 1,
electricity resistance
a: Renounce Religion, Upheaval, Elemental Force, Disaster Area


You were on level 9 of the Dungeon.
You worshipped Qazlal.
Qazlal was extremely pleased with you.
You visited 2 branches of the dungeon, and saw 11 of its levels.

You collected 1581 gold pieces.

Inventory:

Hand Weapons
 h - a +0 morningstar
 k - a +1 giant spiked club
 p - a +1 dagger of draining
 s - a +2 short sword
 B - a +0 dagger of venom
 K - a +6 dire flail of protection
 N - a +2 longbow of freezing
 P - a +3 flail of freezing
 R - a +4 dire flail
 U - a +3 scimitar of freezing
 W - a +1 spear of freezing
Missiles
 c - 5 boomerangs of dispersal (quivered)
 f - 163 arrows
 g - 241 stones
 l - 69 bolts
 t - 5 boomerangs
 u - 38 poisoned darts
 X - 47 sling bullets
Armour
 a - a +1 robe
 e - a +2 pair of gloves
 o - a +0 plate armour
 q - a +1 robe of willpower (worn)
 C - a scarf of harm
 L - a +3 chain mail
 V - a +0 ring mail
 Z - a scarf of resistance (worn)
Jewellery
 d - a ring of ice
 x - a ring of resist corrosion
 F - a +6 ring of strength (left claw)
 H - a ring of fire
 J - the ring of the Invisible Hand (right claw) {rElec rPois rF+ Str-5}
   (You found it on level 4 of the Dungeon)

   [ring of protection from fire]

   Str:       It affects your strength (-5).
   rF:        It protects you from fire.
   rElec:     It insulates you from electricity.
   rPois:     It protects you from poison.
 Y - a +6 ring of intelligence
Wands
 A - a wand of flame (46)
 E - a wand of mindburst (10)
Scrolls
 b - 2 scrolls of blinking
 i - 4 scrolls of identify
 j - a scroll of silence
 n - 2 scrolls of fog
 v - 2 scrolls of teleportation
 w - a scroll of vulnerability
 y - 2 scrolls of amnesia
 D - 2 scrolls of enchant weapon
 I - a scroll of fear
 Q - a scroll of enchant armour
 T - a scroll of noise
Potions
 m - a potion of might
 r - a potion of degeneration
 z - 2 potions of curing
 G - a potion of invisibility {unknown}
 M - a potion of haste
 O - a potion of lignification
 S - 2 potions of flight


   Skills:
 + Level 3.9 Fighting
 + Level 0.8 Throwing
 + Level 5.2 Dodging
 + Level 0.9 Stealth
 + Level 2.2 Shields
 + Level 10.3 Unarmed Combat
 * Level 3.9 Spellcasting
 * Level 5.4 Translocations


You had 11 spell levels left.
You knew the following spells:

 Your Spells              Type           Power      Damage    Failure   Level
a - Blink                 Tloc           N/A        N/A       3%          2
b - Teleport Other        Tloc           14%        N/A       8%          3

Your spell library contained the following spells:

 Spells                   Type           Power      Damage    Failure   Level
 Gell's Gravitas          Tloc           7%         N/A       8%          3
 Lesser Beckoning         Tloc           7%         N/A       8%          3
 Pain                     Necr           8%         1d4       24%         1
 Sting                    Tmut/Pois      8%         1d3       24%         1
 Portal Projectile        Hex/Tloc       16%        N/A       24%         3
 Passwall                 Tmut/Erth      1%         N/A       36%         2
 Sublimation of Blood     Necr           1%         N/A       36%         2
 Wereblood                Tmut           2%         N/A       36%         2
 Manifold Assault         Tloc           14%        N/A       56%         5
 Call Canine Familiar     Summ           2%         N/A       58%         3
 Conjure Flame            Conj/Fire      2%         6-21      58%         3
 Ignite Poison            Fire/Tmut/Pois 2%         N/A       58%         3
 Swiftness                Air            2%         N/A       58%         3
 Leda's Liquefaction      Hex/Erth       1%         N/A       94%         4
 Sticky Flame             Conj/Fire      2%         2d3       94%         4
 Agony                    Necr           2%         N/A       100%        5
 Excruciating Wounds      Necr           1%         N/A       100%        5
 Irradiate                Conj/Tmut      1%         3d13      100%        5
 Eringya's Noxious Bog    Tmut/Pois      1%         N/A       100%        6
 Invisibility             Hex            1%         N/A       100%        6
 Summon Hydra             Summ           1%         N/A       100%        7


Dungeon Overview and Level Annotations

Branches:
Dungeon (10/15)            Temple (1/1) D:6             Orc (0/2) D:9
   Lair: D:8-11

Altars:
Ashenzari
Cheibriados
Dithmenos
Elyvilon
Fedhas
Gozag
Hepliaklqana
Kikubaaqudgha
Makhleb
Nemelex Xobeh
Okawaru
Qazlal
Ru
Sif Muna
Trog
Uskayaw
Vehumet
Wu Jian
Xom
Yredelemnul
Zin
The Shining One

Shops:
D:4 =

Annotations:
D:10 Grum


Innate Abilities, Weirdness & Mutations

You are too large for most types of armour.
You have claws for hands.
Your natural rate of healing is unusually fast.
You are covered in fur. (AC +1)
You have tough skin. (AC +1)
You are resistant to electric shocks. (rElec)


Message History

Found 15 gold pieces and 24 sling bullets.
You hear two shouts!
You now have 1581 gold pieces (gained 15).
You hear two shouts!
You hear two shouts!
A two-headed ogre comes into view.
It is wielding a +0 giant club and a +0 giant spiked club.
The two-headed ogre shouts in stereo!
You see here 24 sling bullets.
You scratch the two-headed ogre.
The two-headed ogre is lightly wounded.
The two-headed ogre hits you with a +0 giant club!!
You block the two-headed ogre's attack.
You closely miss the two-headed ogre.
The two-headed ogre is lightly wounded.
You barely miss the two-headed ogre.
The two-headed ogre is lightly wounded.
A two-headed ogre comes into view.
It is wielding a +0 giant spiked club and a +0 giant club.
The two-headed ogre hits you with a +0 giant club!
The two-headed ogre hits you with a +0 giant spiked club.
You barely miss the two-headed ogre.
The two-headed ogre is lightly wounded.
The two-headed ogre hits you with a +0 giant club!
You feel protected from physical attacks.
The two-headed ogre hits you with a +0 giant spiked club!
The two-headed ogre is engulfed in blazing flames.
There is an escape hatch in the ceiling here.
Your protection from physical attacks is fading.
You block the two-headed ogre's attack.
The two-headed ogre hits you with a +0 giant club!
A mysterious force pulls you upwards. The hatch slams shut behind you.
You see here 15 arrows.
You feel less protected from physical attacks.
The two-headed ogre hits you with a +0 giant spiked club!!
The two-headed ogre hits you with a +0 giant club!
* * * LOW HITPOINT WARNING * * *
You feel protected from physical attacks.
The two-headed ogre is engulfed in freezing vapours.
There is an escape hatch in the ceiling here.
The two-headed ogre hits you with a +0 giant spiked club!!
You die...

#....#.....# #..#
###....#.....# #..#.
#......#.....# #..#.
#......# #..'. #####..#
#..#.
#..#########+########..#.
#....§.○.....(.........#
#....○○.O.#####........#
#.......@.# #........#
###.......# +........#
#...○...# #........#
#.......#####........#
#.............[......#
#....................#
#....................#
#....................#
#....................#


You could see a two-headed ogre.

Vanquished Creatures
  Maurice (D:10)
  Grinder (D:4)
  A troll (D:9)
  Prince Ribbit (D:4)
  5 yaks
  Eustachio (D:5)
  Menkaure (D:5)
  Edmund (D:6)
  An acid dragon (D:8)
  A black bear (D:5)
  A sky beast (D:7)
  An orc warrior (D:8)
  3 ice beasts
  4 wolves (D:10)
  An ogre (D:6)
  A centaur (D:7)
  A phantom (D:9)
  5 bullfrogs
  A wyvern zombie (D:8)
  5 scorpions
  2 water moccasin skeletons
  3 troll zombies (D:9)
  11 wights
  6 howler monkeys
  A bullfrog zombie (D:6)
  A centaur zombie (D:9)
  2 hounds (D:6)
  2 jellies
  2 orc priests
  2 centaur skeletons (D:7)
  4 iguanas
  3 orc wizards (D:8)
  A killer bee zombie (D:7)
  5 ogre zombies (D:9)
  A hound zombie (D:5)
  A hound skeleton (D:5)
  2 howler monkey zombies (D:10)
  4 adders
  4 gnolls (D:7)
  A howler monkey skeleton (D:5)
  An ufetubus (D:6)
  2 worms
  A dart slug (D:1)
  13 orcs
  3 ball pythons
  5 bats
  9 endoplasms
  2 giant cockroaches
  10 hobgoblins
  6 jackals
  11 kobolds
  9 quokkas
  4 frilled lizards
  7 goblins
  A goblin skeleton (D:9)
  5 goblin zombies (D:9)
  2 hobgoblin skeletons (D:9)
  5 hobgoblin zombies (D:9)
  An orc skeleton (D:9)
  11 orc zombies (D:9)
  4 rats
207 creatures vanquished.

Vanquished Creatures (others)
  26 plants
26 creatures vanquished.

Grand Total: 233 creatures vanquished

Notes
Turn   | Place    | Note
-------+----------+-------------------------------------------
     0 | D:1      | phibes the Troll Warper began the quest for the Orb.
     0 | D:1      | Reached XP level 1. HP: 19/19 MP: 1/1
    16 | D:1      | You fall into a shaft and drop 1 floor!
   179 | D:2      | Found a faded altar of an unknown god.
   205 | D:2      | Became a worshipper of Qazlal Stormbringer
   205 | D:2      | Reached * piety under Qazlal
   222 | D:2      | Reached XP level 2. HP: 26/28 MP: 3/3
   328 | D:2      | Found an ancient bone altar of Kikubaaqudgha.
   423 | D:1      | Reached XP level 3. HP: 33/35 MP: 4/4
   441 | D:1      | Reached ** piety under Qazlal
  1317 | D:2      | Reached XP level 4. HP: 41/42 MP: 5/5
  1541 | D:2      | Reached skill level 3 in Unarmed Combat
  1999 | D:3      | Reached *** piety under Qazlal
  2505 | D:4      | Found Puplual's Jewellery Emporium.
  2517 | D:4      | Jewelry
  2713 | D:4      | Reached XP level 5. HP: 49/49 MP: 6/6
  2889 | D:4      | Got Aklos's Catalogue of Shape Shifting
  2895 | D:4      | Learned a level 2 spell: Blink
  2937 | D:4      | Noticed Grinder
  2942 | D:4      | Paralysed by Grinder for 6 turns
  2954 | D:4      | Killed Grinder
  2955 | D:4      | Reached skill level 4 in Unarmed Combat
  2955 | D:4      | Reached XP level 6. HP: 50/57 MP: 7/7
  3029 | D:4      | Identified the ring of the Invisible Hand {rElec rPois rF+
                  | Str-5}
  3244 | D:5      | Entered Level 5 of the Dungeon
  3346 | D:5      | Noticed Menkaure
  3460 | D:5      | Found a hazy altar of Hepliaklqana.
  3485 | D:5      | Noticed Eustachio
  3521 | D:5      | Killed Eustachio
  3522 | D:5      | Reached skill level 5 in Unarmed Combat
  3522 | D:5      | Reached XP level 7. HP: 66/66 MP: 7/9
  3795 | D:5      | Killed Menkaure
  3825 | D:5      | Noticed Prince Ribbit
  4072 | D:5      | Reached skill level 6 in Unarmed Combat
  4128 | D:4      | Killed Prince Ribbit
  4129 | D:4      | Reached XP level 8. HP: 65/74 MP: 10/10
  4354 | D:5      | Reached skill level 1 in Shields
  4701 | D:6      | Noticed Edmund
  4716 | D:6      | Killed Edmund
  4717 | D:6      | Reached skill level 7 in Unarmed Combat
  4939 | D:6      | Reached **** piety under Qazlal
  4962 | D:6      | Reached XP level 9. HP: 78/81 MP: 12/12
  4983 | D:6      | Reached skill level 8 in Unarmed Combat
  5359 | D:6      | Found a staircase to the Ecumenical Temple.
  5383 | Temple   | Entered the Ecumenical Temple
  6899 | D:8      | Reached skill level 9 in Unarmed Combat
  6899 | D:8      | Reached skill level 5 in Translocations
  7002 | D:7      | Gained mutation: Your magical capacity is low. (-10% MP)
                  | [potion of mutation]
  7002 | D:7      | Lost mutation: Your magical capacity is low. (-10% MP)
                  | [potion of mutation]
  7002 | D:7      | Gained mutation: You are resistant to electric shocks.
                  | (rElec) [potion of mutation]
  7384 | D:8      | Identified a scroll of acquirement
  7384 | D:8      | Acquired 963 gold pieces
  7493 | D:8      | Reached XP level 10. HP: 45/92 MP: 14/14
  7590 | D:9      | Reached skill level 5 in Dodging
  7595 | D:9      | Learned a level 3 spell: Teleport Other
  7797 | D:9      | Reached ***** piety under Qazlal
  7903 | D:9      | Found a staircase to the Orcish Mines.
  8274 | D:9      | Reached skill level 10 in Unarmed Combat
  8356 | D:9      | You fall into a shaft and drop 1 floor!
  8356 | D:10     | Entered Level 10 of the Dungeon
  8356 | D:10     | Noticed Grum
  8428 | D:10     | Noticed Maurice
  8455 | D:10     | Killed Maurice
  8497 | D:10     | Noticed a two-headed ogre
  8501 | D:10     | Noticed a two-headed ogre
  8528 | D:9      | Demolished by a two-headed ogre

Illustrated notes

###......##
###.....##..##
####........##..##
#............##..##
...##.......####.##
##........# ##.##
#.........# ##.###
##........# #...#
#∩@.....## #....
#.......# #...#
#####..## ##....
### ##.....
###...... #........
#........ #........
#........


Turn 2517 on D:4: Jewelry

Levels and vault maps discovered:
D:1:      dpeg_arrival_circle_labyrinth_a, layout_basic
D:2:      wad_woods_stonehenge, layout_basic, shapermc_ecumenical_altar_ellora
D:3:      layout_rooms, fountainhead
D:4:      layout_cave_pods, minmay_shop_enchanted_jewellery, uniq_grinder
D:5:      layout_gridville, nicolae_hepliaklqana_hazy_memory,
          dk_rats_in_the_wall, uniq_menkaure, uniq_eustachio,
          uniq_prince_ribbit1
D:6:      layout_rooms, minmay_temple_entry_hall, hex_tiny, st_stairs_6,
          solitary_fountain, uniq_edmund
D:7:      layout_rooms
D:8:      layout_gridville
D:9:      layout_irregular_city, zombieorc2_lemuel, serial_shops,
          nicolae_shop_overgrown_old_shop
D:10:     layout_basic, kennysheep_big_empty_room, minmay_misc_feat_alley,
          hangedman_abyss_or_decor_slice, uniq_maurice, uniq_grum
Temple:   roderic_octagonal_lattice_temple

Skill      XL: |  1  2  3  4  5  6  7  8  9 10 |
---------------+-------------------------------+-----
Fighting       | 2 3 |  3.9
Dodging        | 2 3 4 5 |  5.2
Unarmed Combat | 3 4 5 6 7 9 10 | 10.3
Translocations | 3 4 5 |  5.4
Spellcasting   | 2 3 |  3.9
Shields        | 1 2 |  2.2
Throwing       | |  0.8
Stealth        | |  0.9

Action                   |  1- 3 |  4- 6 |  7- 9 | 10-12 || total
-------------------------+-------+-------+-------+-------++-------
Melee: Unarmed           |   117 |   171 |   256 |   128 ||   672
       Punch             |       |     2 |     9 |     3 ||    14
 Cast: Blink             |       |     1 |     3 |       ||     4
       Teleport Other    |       |       |       |     1 ||     1
  Use: Scroll            |       |     1 |    11 |       ||    12
       Potion            |       |       |    11 |       ||    11
Armor: Robe              |    35 |    26 |    33 |    17 ||   111
Dodge: Dodged            |    40 |    46 |    89 |    36 ||   211
       Repelled          |       |       |     1 |     1 ||     2
Block: Other             |     7 |     8 |    52 |    14 ||    81
